 Dungeon Crawl Stone Soup version 0.27.0-1-g7a089689b8 (webtiles) character file.

Game seed: 5466694220715493745

1003 mandarbmax the Slasher (level 8, -1/66 HPs)
             Began as a Minotaur Fighter on Aug 1, 2021.
             Was a Priest of Qazlal.
             Slain by an orc warrior (12 damage)
             ... on level 6 of the Dungeon.
             The game lasted 00:05:23 (4771 turns).

mandarbmax the Slasher (Minotaur Fighter)           Turns: 4771, Time: 00:05:23

Health: -1/66      AC: 11    Str: 22    XL:     8   Next: 0%
Magic:  11/11      EV:  4    Int:  5    God:    Qazlal [***...]
Gold:   283        SH: 13    Dex: 11    Spells: 7/7 levels left

rFire    . . .     SeeInvis +   a - +0 long sword
rCold    . . .     Faith    .   c - +0 kite shield
rNeg     . . .     Spirit   .   m - +0 plate armour
rPois    .         Reflect  .   (helmet restricted)
rElec    .         Harm     .   (no cloak)
rCorr    .         Rampage  .   (no gloves)
Will     .....                  (no boots)
Stlth    ..........             (no amulet)
HPRegen  0.21/turn              f - ring of see invisible
MPRegen  0.12/turn              k - ring of flight

@: flying
A: horns 2, retaliatory headbutt
a: Renounce Religion, Upheaval, Elemental Force


You were on level 6 of the Dungeon.
You worshipped Qazlal.
Qazlal was most pleased with you.
You visited 2 branches of the dungeon, and saw 7 of its levels.

You collected 283 gold pieces.

Inventory:

Hand Weapons
 a - a +0 long sword (weapon)
Missiles
 h - 6 poisoned darts (quivered)
 u - a throwing net
Armour
 c - a +0 kite shield (worn)
 m - a +0 plate armour (worn)
Jewellery
 f - a ring of see invisible (left hand)
 k - a ring of flight (right hand)
Wands
 p - a wand of mindburst (7)
Scrolls
 e - a scroll of fear {unknown}
 i - 2 scrolls of acquirement {unknown}
 n - 3 scrolls of blinking {unknown}
 o - a scroll of magic mapping {unknown}
 r - a scroll of fog {unknown}
 s - a scroll of teleportation {unknown}
Potions
 b - 2 potions of lignification
 d - 4 potions of might
 g - 2 potions of curing
 j - a potion of mutation
 l - 2 potions of haste
 q - 2 potions of attraction


   Skills:
 - Level 4.0 Fighting
 + Level 7.5 Long Blades
 - Level 4.0 Armour
 - Level 4.0 Shields
 * Level 6.5 Invocations


You had 7 spell levels left.
You didn't know any spells.
Your spell library contained the following spells:

 Spells                   Type           Power      Damage    Failure   Level
 Slow                     Hex            0%         N/A       100%        2
 Confusing Touch          Hex            0%         N/A       100%        3
 Vampiric Draining        Necr           0%         2d6       100%        3


Dungeon Overview and Level Annotations

Branches:
Dungeon (6/15)             Temple (1/1) D:5

Altars:
Qazlal
Sif Muna
Yredelemnul


Innate Abilities, Weirdness & Mutations

You have a pair of horns on your head.
You reflexively headbutt those who attack you in melee.


Message History

You block the orc's attack.
Your plate armour prevents you from hitting the orc.
You block the orc's attack.
You hit the orc but do no damage. You headbutt the orc.
The orc is almost dead.
The orc priest calls upon Beogh to heal the orc.
The orc is healed somewhat.
Your shield and plate armour prevent you from hitting the orc.
The orc is lightly wounded.
You block the orc's attack.
The orc warrior hits you but does no damage.
You hit the orc but do no damage. Your headbutt misses the orc.
The orc is lightly wounded.
You block the orc's attack.
The orc warrior hits you with a +0 dire flail.
You block the orc's attack.
You completely miss the orc. You headbutt the orc.
The orc is severely wounded.
The orc warrior hits you with a +0 dire flail!
The orc is struck by lightning.
You kill the orc!
Qazlal accepts your kill.
The orc warrior hits you with a +0 dire flail!
* * * LOW HITPOINT WARNING * * *
A sky beast comes into view.
The orc priest looks braver for a moment.
The sky beast flickers out of sight for a moment.
The orc priest invokes the aid of Beogh against you.
Beogh smites you!
* * * LOW HITPOINT WARNING * * *
Unknown command.
You feel better. You block the orc warrior's attack.
Unknown command.
The orc priest calls down the wrath of Beogh upon you.
Beogh smites you!
* * * LOW HITPOINT WARNING * * *
Unknown command.
You feel better.
The orc warrior hits you with a +0 dire flail!
You die...

#####.##......## .
####..#...........##..
##.##..................
#................... ..
#.......<........#.###.
##..............##.....
###..#...........##..... .
##....#.☼................ ..
#[......@○##.##.....##...
...##....°o...###......##...
#.....))...#Y....†(..........
...........§≈§....).........#
.....................>......#
.......#.).#.....#....)......
.......##........#...........
....... ..##.................
....... #..#.......)...###...


You could see an orc warrior and a sky beast.

Vanquished Creatures
  A sky beast (D:3)
  2 ogres
  A phantom (D:4)
  A gnoll sergeant (D:5)
  A water moccasin zombie (D:5)
  A water moccasin skeleton (D:5)
  2 hounds
  A jelly (D:4)
  An orc priest (D:6)
  A bullfrog skeleton (D:4)
  An iguana (D:4)
  A scorpion zombie (D:5)
  Jessica (D:3)
  A hound zombie (D:4)
  2 hound skeletons
  A howler monkey zombie (D:6)
  7 gnolls
  7 adders
  A shadow imp (D:6)
  An ufetubus (D:4)
  An adder skeleton (D:4)
  2 worms
  A dart slug (D:3)
  6 orcs
  9 endoplasms
  A giant cockroach (D:1)
  6 goblins
  5 hobgoblins
  10 jackals
  A quokka (D:3)
  4 ball pythons
  2 bats
  4 frilled lizards
  4 kobolds
  6 rats
97 creatures vanquished.

Vanquished Creatures (others)
  A plant (D:2)
1 creature vanquished.

Grand Total: 98 creatures vanquished

Notes
Turn   | Place    | Note
-------+----------+-------------------------------------------
     0 | D:1      | mandarbmax the Minotaur Fighter began the quest for the
                  | Orb.
     0 | D:1      | Reached XP level 1. HP: 19/19 MP: 0/0
   136 | D:1      | Reached skill level 3 in Long Blades
   398 | D:1      | Reached XP level 2. HP: 26/26 MP: 1/1
   601 | D:1      | Found a faded altar of an unknown god.
   703 | D:1      | Became a worshipper of Qazlal Stormbringer
   703 | D:1      | Reached * piety under Qazlal
   784 | D:2      | Reached skill level 4 in Long Blades
   800 | D:2      | Reached XP level 3. HP: 31/31 MP: 2/2
  1263 | D:2      | Found a basalt altar of Yredelemnul.
  1561 | D:3      | Reached skill level 5 in Long Blades
  1561 | D:3      | Reached skill level 1 in Invocations
  1561 | D:3      | Reached XP level 4. HP: 40/40 MP: 3/3
  1569 | D:3      | Noticed Jessica
  1575 | D:3      | Killed Jessica
  1577 | D:3      | Found a shimmering blue altar of Sif Muna.
  1616 | D:3      | Reached ** piety under Qazlal
  1783 | D:3      | Reached XP level 5. HP: 38/46 MP: 5/5
  1934 | D:3      | Noticed a sky beast
  1948 | D:3      | Killed a sky beast
  2507 | D:4      | Reached XP level 6. HP: 48/52 MP: 7/7
  2665 | D:4      | Reached skill level 6 in Long Blades
  3608 | D:5      | Entered Level 5 of the Dungeon
  3613 | D:5      | Reached XP level 7. HP: 59/59 MP: 9/9
  3929 | D:5      | Reached skill level 5 in Invocations
  4116 | D:5      | Reached skill level 7 in Long Blades
  4379 | D:5      | Found a staircase to the Ecumenical Temple.
  4398 | Temple   | Entered the Ecumenical Temple
  4511 | D:6      | Reached *** piety under Qazlal
  4739 | D:6      | Reached XP level 8. HP: 45/66 MP: 11/11
  4767 | D:6      | HP: 3/66 [orc priest/divine providence (14)]
  4771 | D:6      | Slain by an orc warrior

Illustrated notes

Levels and vault maps discovered:
D:1:      dpeg_arrival_shrine, layout_basic,
          dreamdust_ecumenical_altar_hidden_monk_grotto
D:2:      layout_loops_cross, basic_altar, minmay_misc_feat_five,
          serial_bayou_lagoon_a
D:3:      layout_basic, tgw_sif
D:4:      layout_basic, kennysheep_generic_room_14
D:5:      layout_basic, lemuel_temple_firewalk_b
D:6:      layout_cave_pools
Temple:   regret_index_temple_generic_petals

Skill      XL: |  1  2  3  4  5  6  7 |
---------------+----------------------+-----
Long Blades    | 3 4 5 6 7 |  7.5
Invocations    | 1 3 4 6 |  6.5
Armour         | 4 |  4.0
Fighting       | 4 |  4.0
Shields        | 4 |  4.0

Action                   |  1- 3 |  4- 6 |  7- 9 || total
-------------------------+-------+-------+-------++-------
Melee: Long sword        |    82 |   113 |    93 ||   288
       Headbutt          |    11 |    21 |    15 ||    47
Invok: Upheaval          |       |     2 |       ||     2
  Use: Scroll            |     2 |     1 |     2 ||     5
       Potion            |       |       |     2 ||     2
Armor: Scale mail        |    21 |       |       ||    21
       Plate armour      |    11 |    62 |    39 ||   112
Dodge: Dodged            |    24 |    20 |    17 ||    61
Block: Kite shield       |    49 |    76 |    72 ||   197
       Rpst.: Long sword |     7 |     4 |     6 ||    17
